 Dungeon Crawl Stone Soup version 0.24-a0-586-g8e0e932 (webtiles) character file.

Game seed: 16624898751296251838, levelgen mode: deterministic

46 Highonelf the Chopper (level 3, 0/33 HPs)
             Began as a Hill Orc Monk on Sept 8, 2019.
             Slain by an orc wizard
             ... wielding a +0 dagger
              (2 damage)
             ... on level 3 of the Dungeon.
             The game lasted 00:03:04 (1455 turns).

Highonelf the Chopper (Hill Orc Monk)               Turns: 1455, Time: 00:03:05

Health: 0/33       AC:  5    Str: 13    XL:     3   Next: 68%
Magic:  3/3        EV: 12    Int: 11    God:
Gold:   82         SH:  0    Dex: 13    Spells: 2/2 levels left

rFire    . . .     SeeInvis .   a - +0 hand axe
rCold    . . .     Gourm    .   (no shield)
rNeg     . . .     Faith    .   k - +2 leather armour {rPois}
rPois    +         Spirit   .   (no helmet)
rElec    .         Reflect  .   (no cloak)
rCorr    .         Harm     .   (no gloves)
MR       .....                  (no boots)
Stlth    ++........             (no amulet)
HPRegen  0.11/turn              (no ring)
MPRegen  0.08/turn              (no ring)

@: no status effects
A: no striking features
a: no special abilities


You were on level 3 of the Dungeon.
You were not hungry.

You visited 1 branch of the dungeon, and saw 3 of its levels.

You collected 82 gold pieces.

Inventory:

Hand Weapons
 a - a +0 hand axe (weapon)
Missiles
 f - 28 poisoned darts (quivered)
Armour
 b - a +0 robe
 k - a +2 leather armour of poison resistance (worn)
 l - a +0 chain mail
Scrolls
 e - a scroll of blinking {unknown}
 g - a scroll of remove curse {unknown}
 h - a scroll of enchant armour {unknown}
 i - a scroll of identify {unknown}
 j - a scroll of teleportation {unknown}
Potions
 d - 2 potions of heal wounds {unknown}
Comestibles
 c - 7 rations


   Skills:
 + Level 4.3 Fighting
 * Level 5.5 Axes
 - Level 2.4 Dodging
 - Level 1.5 Stealth


You had 2 spell levels left.
You didn't know any spells.
Your spell library was empty.

Dungeon Overview and Level Annotations

Branches:
Dungeon (3/15)

Altars:


Message History

You hit something but do no damage. Something hits you but does no damage.
You barely miss something.
Something hits you but does no damage. x2
You miss something. Something hits you but does no damage.
Something barely misses you.
You miss something. Something hits you.
You barely miss something. Something hits you. x2
You hit something but do no damage. Something hits you.
You miss something. Something hits you.
The frilled lizard unfolds its giant frill.
Something hits you.
You hit something. Something hits you.
* * * LOW HITPOINT WARNING * * *
You hit something.
Something hits you but does no damage. x2
You barely miss something. Something hits you.
* * * LOW HITPOINT WARNING * * *
You closely miss something. Something hits you but does no damage.
Something hits you.
* * * LOW HITPOINT WARNING * * *
You miss something. Something hits you.
You die...

.#### #.####.# .
# #....#.# .
#.#######.#.## .
............># .
##.##.#.<#.#.###
.
.Y.............#
Y
##.##.#..###.#.#
##.##.#..# #.#.#
.........# #.#@#
##.##...## #.#{#
........# #.#o#
...##...####.#l#
........lo....o#
##.##.#.####o###
.l ...#.# #.#
##....... ..#
##.#.#.# ####


You could see 2 orcs and a frilled lizard.

Vanquished Creatures
  A worm (D:2)
  A dart slug (D:1)
  A leopard gecko (D:2)
  An orc (D:3)
  A giant cockroach (D:2)
  2 goblins
  4 hobgoblins
  6 jackals (D:2)
  A quokka (D:2)
  A ball python (D:2)
  7 bats
  A frilled lizard (D:2)
  5 kobolds (D:1)
  6 rats
38 creatures vanquished.

Notes
Turn   | Place    | Note
-------+----------+-------------------------------------------
     0 | D:1      | Highonelf the Hill Orc Monk began the quest for the Orb.
     0 | D:1      | Reached XP level 1. HP: 19/19 MP: 1/1
   367 | D:1      | Reached XP level 2. HP: 27/27 MP: 2/2
   980 | D:2      | Reached skill level 5 in Axes
  1056 | D:2      | Reached XP level 3. HP: 33/33 MP: 3/3
  1399 | D:3      | Noticed a sky beast
  1455 | D:3      | Slain by an orc wizard

Levels and vault maps discovered:
D:1:      minmay_arrival_jagged, layout_basic, minmay_misc_feat_enclosed,
          serial_bayou_ford_a, bh_walls_and_bars
D:2:      layout_rooms
D:3:      layout_basic, chequers_ecumenical_altar_lobes, chequers_garden,
          minmay_fountain_box, minmay_misc_feat_more_columns,
          kennysheep_generic_room_2

Skill      XL: |  1  2 |
---------------+-------+-----
Fighting       | 4 |  4.3
Axes           | 5 |  5.5
Dodging        | |  2.4
Stealth        | |  1.5

Action                   || total
-------------------------++-------
Melee: Hand axe          ||   147
 Stab: Sleeping          ||     3
  Eat: Chunk             ||     2
Armor: Robe              ||     6
       Leather armour    ||    49
Dodge: Dodged            ||    97

Table legend:
 A = Non-vault XP
 B = Vault XP
 C = Vault XP percentage of total XP
 D = Non-vault monster count
 E = Vault monster count
 F = Vault count percentage of total count
                 A         B        C        D         E       F
            +---------+---------+-------+---------+---------+-------
      Total |      67 |       0 |   0.0 |      38 |       0 |   0.0
            +---------+---------+-------+---------+---------+-------
        D:1 |      21 |       0 |   0.0 |      13 |       0 |   0.0
        D:2 |      43 |       0 |   0.0 |      24 |       0 |   0.0
        D:3 |       3 |       0 |   0.0 |       1 |       0 |   0.0
            +---------+---------+-------+---------+---------+-------
